 Dungeon Crawl Stone Soup version 0.32-a0-468-g38b2580584 (webtiles) character file.

Game seed: 11147175713966565484

97 CougarLife the Digger (level 4, 0/24 HPs)
             Began as a Gargoyle Earth Elementalist on Feb 24, 2024.
             Incinerated by a bombardier beetle (4 damage)
             ... with a burning spray
             ... on level 3 of the Dungeon.
             The game lasted 00:02:21 (2385 turns).

CougarLife the Digger (Gargoyle Earth Elementalist) Turns: 2385, Time: 00:02:22

Health: 0/24       AC:  6    Str: 11    XL:     4   Next: 68%
Magic:  14/17      EV: 11    Int: 18    God:
Gold:   150        SH:  0    Dex: 10    Spells: 8/9 levels left

rFire   . . .        o - staff of conjuration
rCold   . . .        (no shield)
rNeg    + . .        a - +0 robe
rPois   ∞            (no helmet)
rElec   +            r - +0 cloak
rCorr   .            (no gloves)
SInv    .            (no boots)
Will    .....        (no amulet)
Stlth   +            k - ring of magical power
HPRegen 0.24/turn    (no ring)
MPRegen 0.15/turn

%: no passive effects
@: on fire, glowing
A: sickness immunity, AC +3, negative energy resistance 1, electricity
resistance, torment resistance 1, petrification resistance
a: no special abilities


You were on level 3 of the Dungeon.
You visited 1 branch of the dungeon, and saw 3 of its levels.

You collected 150 gold pieces.

Inventory:

Armour
 a - a +0 robe (worn)
 r - a +0 cloak (worn)
Magical Staves
 o - a staff of conjuration (weapon)
Jewellery
 h - a ring of see invisible
 k - a ring of magical power (left hand)
Scrolls
 c - a scroll of amnesia {unknown}
 d - 2 scrolls of teleportation {unknown}
 e - a scroll of noise {unknown}
 l - 3 scrolls of revelation {unknown}
 m - a scroll of enchant weapon {unknown}
 p - a scroll of silence {unknown}
 q - a scroll of immolation {unknown}
Potions
 b - a potion of magic
 f - a potion of lignification {unknown}
 g - a potion of curing {unknown}
 i - a potion of degeneration {unknown}
 j - a potion of mutation {unknown}
 n - 2 potions of attraction {unknown}
 s - a potion of haste {unknown}


   Skills:
 - Level 1.5 Dodging
 - Level 2.1 Stealth
 + Level 3.0 Spellcasting
 + Level 2.7 Conjurations
 + Level 4.7 Earth Magic


You had 8 spell levels left.
You knew the following spells:

 Your Spells              Type           Power      Damage    Failure   Level
a - Sandblast             Erth           38%        2d10      2%          1

Your spell library contained the following spells:

 Spells                   Type           Power      Damage    Failure   Level
 Magic Dart               Conj           72%        1d6       5%          1
 Passwall                 Erth           19%        N/A       7%          3
 Kiss of Death            Conj/Necr      44%        2d8       10%         1
 Stone Arrow              Conj/Erth      48%        3d10      11%         3
 Momentum Strike          Conj/Tloc      22%        3d8       14%         2
 Blink                    Tloc           4%         N/A       24%         2
 Call Imp                 Summ           4%         N/A       24%         2
 Lesser Beckoning         Tloc           4%         N/A       24%         2
 Scorch                   Fire           4%         2d5       24%         2
 Brom's Barrelling Bould  Conj/Erth      24%        2d5       34%         4
 Confusing Touch          Hex            2%         N/A       43%         3
 Petrify                  Alch/Erth      11%        N/A       52%         4
 Flame Wave               Conj/Fire      11%        2d6       67%         4
 Dispel Undead            Necr           2%         3d7       85%         4
 Summon Cactus Giant      Summ           1%         N/A       100%        6


Dungeon Overview and Level Annotations

Branches:
Dungeon (3/15)

Altars:


Innate Abilities, Weirdness & Mutations

You are immune to sickness and miasma.
Your stone body is resilient. (AC +3)
You are immune to poison.
You resist negative energy. (rN+)
You are resistant to electric shocks. (rElec)
You are resistant to unholy torment.
You are immune to petrification.


Message History

Things that are here:
a +0 war axe; a +0 ring mail; an orc corpse You enter the shallow water.
Moving in this stuff is going to be slow.
You now have 150 gold pieces (gained 12).
You enter the shallow water.
Moving in this stuff is going to be slow.
You enter the shallow water.
Moving in this stuff is going to be slow.
You enter the shallow water.
Moving in this stuff is going to be slow.
l - 3 scrolls labelled RIT RUNUELA (gained 1)
An orc comes into view.
It is wielding a +0 trident and wearing a +2 leather armour of poison resistance.
The orc shouts!
You hear an angry hiss.
A giant cockroach comes into view.
A bombardier beetle comes into view.
The blast of sand hits the bombardier beetle.
The bombardier beetle is moderately wounded.
A frilled lizard comes into view.
The bombardier beetle sprays incendiary fluid at you.
The burning spray hits you.
You are covered in liquid fire!
The blast of sand hits the bombardier beetle!
The bombardier beetle is almost dead.
The liquid fire burns you!
The blast of sand misses the orc.
The blast of sand hits the giant cockroach!
You kill the giant cockroach!
The liquid fire burns you!
The orc hits you from afar with a +0 trident.
The blast of sand hits the orc but does no damage.
The liquid fire burns you! The orc closely misses you.
An endoplasm comes into view.
You are too injured to fight recklessly!
You shake off some of the fire as you move.
The liquid fire burns you!
* * * LOW HITPOINT WARNING * * *
You shake off some of the fire as you move.
The liquid fire burns you!
You die...

######### #....P..###
###...♣P~.♣.#
###...#~.~.~~.#
##...##.~~~~~~.#
J.#.#####..####.~~~≈~.♣#
~..†.Bo...## #.~♣≈≈~~.#
..#.####.## ##.~~≈~~..#
#@# #...~~~.~♣## #.#
##.#~).~~♣... #.#
#.†P~)~~~P.## #.#
#...♣~†~P.##
#.####.#....♣..#
#.............##
#########.###.#
#.###.### #.#.....#


There were no monsters in sight!

Vanquished Creatures
  3 adders
  A dart slug (D:1)
  3 ribbon worms
  An orc (D:3)
  4 endoplasms
  8 giant cockroaches
  4 goblins
  8 hobgoblins
  4 ball pythons
  8 bats
  A frilled lizard (D:2)
  6 kobolds
  5 rats
56 creatures vanquished.

Notes
Turn   | Place    | Note
-------+----------+-------------------------------------------
     0 | D:1      | CougarLife the Gargoyle Earth Elementalist began the quest
                  | for the Orb.
     0 | D:1      | Reached XP level 1. HP: 10/10 MP: 3/3
   216 | D:1      | Reached XP level 2. HP: 15/15 MP: 1/5
   440 | D:1      | Reached skill level 4 in Earth Magic
   721 | D:1      | Reached XP level 3. HP: 13/19 MP: 0/6
  1668 | D:2      | Reached XP level 4. HP: 24/24 MP: 8/8
  1710 | D:2      | Found a faded altar of an unknown god.
  2385 | D:3      | Incinerated by a bombardier beetle

Illustrated notes

Levels and vault maps discovered:
D:1:      dpeg_arrival_short_road, layout_loops_corners, minmay_misc_feat_doors,
          minmay_split_cup_small
D:2:      layout_basic, shapermc_ecumenical_altar_acropolis,
          chequers_serial_rivers_small_3
D:3:      wad_river_or_something, layout_loops_ring, serial_bayou,
          serial_bayou_lagoon_a, serial_bayou_pond_d, serial_bayou_ford_a,
          serial_bayou_pond_b, serial_bayou_pond_b, grunt_ministairs_3

Skill      XL: |  1  2  3  4 |
---------------+-------------+-----
Earth Magic    | 4 |  4.7
Conjurations   | 2 |  2.7
Spellcasting   | 3 |  3.0
Dodging        | |  1.5
Stealth        | |  2.1

Action                     |  1- 3 |  4- 6 || total
---------------------------+-------+-------++-------
  Melee: Unarmed           |     5 |       ||     5
         Dagger            |     6 |       ||     6
         Staff             |       |     1 ||     1
   Cast: Sandblast         |    52 |    31 ||    83
 Armour: Robe              |    24 |     7 ||    31
  Dodge: Dodged            |    19 |    21 ||    40

Table legend: (Time is in decaauts)
 A = Elapsed time spent in this place.
 B = Non-inter-level travel time spent in this place.
 C = Inter-level travel time spent in this place.
 D = Time resting spent in this place.
 E = Time spent auto-exploring this place.
 F = Levels seen in this place.
 G = Mean time per level.
                   A        B        C        D        E       F      G
               +--------+--------+--------+--------+--------+-----+--------+
         Total |   2439 |   2342 |     97 |     83 |   1931 |   3 |  813.0 |
       Dungeon |   2439 |   2342 |     97 |     83 |   1931 |   3 |  813.0 |
               +--------+--------+--------+--------+--------+-----+--------+

Top non-repeatable levels by time:
     D:1: 1290 daAuts
     D:2: 757 daAuts
     D:3: 391 daAuts
